 Dungeon Crawl Stone Soup version 0.22-a0-3-g4fa69d9a97 (webtiles) character file.

88 Manul the Skirmisher (level 4, -6/25 HPs)
             Began as a Spriggan Abyssal Knight on Jan 1, 2018.
             Was a Follower of Lugonu.
             Killed from afar by a white imp (9 damage)
             ... with a puff of frost
             ... on level 2 of the Abyss.
             The game lasted 00:01:17 (373 turns).

Manul the Skirmisher (Spriggan Abyssal Knight)       Turns: 373, Time: 00:01:18

Health: -6/25      AC:  2    Str:  8    XL:     4   Next: 30%
Magic:  6/6        EV: 19    Int: 13    God:    Lugonu [*.....]
Gold:   0          SH:  0    Dex: 16    Spells: 3/3 levels left

rFire    . . .     SeeInvis +   a - +1 short sword
rCold    . . .     Gourm    .   (shield restricted)
rNeg     . . .     Faith    .   b - +0 robe
rPois    .         Spirit   .   (helmet restricted)
rElec    .         Reflect  .   (no cloak)
rCorr    .         Harm     .   (gloves unavailable)
MR       .....                  (boots unavailable)
Stlth    ++........             (no amulet)
HPRegen  0.08/turn              (no ring)
MPRegen  0.10/turn              (no ring)

@: very quick
A: very small, unfitting armour, see invisible, herbivore, speed 3, slow
metabolism 2
a: Depart the Abyss, Renounce Religion


You were on level 2 of the Abyss.
You worshipped Lugonu.
Lugonu was aware of your devotion.
You were not hungry.

You visited 0 branches of the dungeon, and saw 0 of its levels.
You visited the Abyss 1 time.

Inventory:

Hand Weapons
 a - a +1 short sword (weapon)
Armour
 b - a +0 robe (worn)
Scrolls
 d - a scroll of remove curse {unknown}
Comestibles
 c - 2 rations


   Skills:
 + Level 3.8 Fighting
 - Level 2.1 Short Blades
 - Level 3.5 Dodging
 * Level 3.4 Stealth
 - Level 1.7 Invocations


You had 3 spell levels left.
You didn't know any spells.

Dungeon Overview and Level Annotations

Branches:
Dungeon (0/15)

Altars:


Innate Abilities, Weirdness & Mutations

You are very small and have problems with some larger weapons.
You are too small for most types of armour.
You have supernaturally acute eyesight. (SInv)
You are a herbivore.
You cover ground extremely quickly.
You need consume almost no food.


Message History

* * * LOW HITPOINT WARNING * * *
You hit the white imp.
The white imp is moderately wounded.
The white imp barely misses you. The ufetubus barely misses you. x2
The small abomination closely misses you.
The neqoxec hits you but does no damage.
You hit the small abomination.
The small abomination is lightly damaged.
The ufetubus misses you. The ufetubus closely misses you.
The white imp misses you. The small abomination misses you.
The neqoxec closely misses you. The ufetubus closely misses you.
The ufetubus misses you.
You closely miss the small abomination.
The small abomination is lightly damaged.
The small abomination misses you. The quasit bites you.
* * * LOW HITPOINT WARNING * * *
The quasit closely misses you. The quasit barely misses you.
The white imp gestures at you. The puff of frost hits you!
You die...

.. # ##...
.#.#....
##....#.# #
#.......###
##.#..#.. ...#
#.......##5.##
.#.
...#x.#.x@#..#
# . .... #
5##.#553....#
###.. ..##
##xx#...(..#
...
#....##...#.#..
. #.#. .
##......### ..
..#......#.....
.. .. .. .x ..#
...## # .##. .
......# ..#.#
..## ##.##.##.#
## # #


You could see a neqoxec, 3 small abominations, a quasit, a white imp and an
ufetubus.

Vanquished Creatures
  An eye of draining (Abyss:1)
1 creature vanquished.

Notes
Turn   | Place    | Note
-------+----------+-------------------------------------------
     0 | Abyss:1  | Manul the Spriggan Abyssal Knight began the quest for the Orb.
     0 | Abyss:1  | Reached XP level 1. HP: 11/11 MP: 3/3
    36 | Abyss:1  | Found a corrupted altar of Lugonu.
    91 | Abyss:1  | Noticed an eye of draining
   107 | Abyss:1  | Killed an eye of draining
   107 | Abyss:1  | Reached XP level 2. HP: 17/17 MP: 0/4
   107 | Abyss:1  | Reached XP level 3. HP: 21/21 MP: 0/5
   107 | Abyss:1  | Reached XP level 4. HP: 25/25 MP: 0/6
   112 | Abyss:1  | Noticed a neqoxec
   151 | Abyss:1  | Found a roughly hewn altar of Beogh.
   174 | Abyss:1  | Noticed a thrashing horror
   187 | Abyss:1  | Noticed a large abomination
   190 | Abyss:1  | Noticed a neqoxec
   203 | Abyss:1  | Noticed a tormentor
   206 | Abyss:1  | Noticed an apocalypse crab
   212 | Abyss:1  | Noticed a chaos spawn
   348 | Abyss:2  | Noticed a small abomination
   351 | Abyss:2  | Noticed a small abomination
   360 | Abyss:2  | Noticed a small abomination
   360 | Abyss:2  | Noticed a golden eye
   363 | Abyss:2  | Noticed a neqoxec
   366 | Abyss:2  | Noticed a golden eye
   373 | Abyss:2  | Killed from afar by a white imp

Vault maps used:

Skill      XL: |  1 |
---------------+----+-----
Fighting       | 3 |  3.8
Stealth        | 3 |  3.4
Short Blades   | |  2.1
Dodging        | |  3.5
Invocations    | |  1.7

Action                   |  1- 3 |  4- 6 || total
-------------------------+-------+-------++-------
Melee: Short sword       |    14 |     7 ||    21
Armor: Robe              |       |     1 ||     1
Dodge: Dodged            |       |    23 ||    23

Table legend:
 A = Spawn XP
 B = Non-spawn XP
 C = Spawn XP percentage of total XP
 D = Spawn monster count
 E = Non-spawn monster count
 F = Spawn count percentage of total count
 G = Total turns spent on level
                    A         B        C        D         E        F      G
               +---------+---------+-------+---------+---------+-------+---------
         Total |       0 |     127 |   0.0 |       0 |       1 |   0.0 |   373
               +---------+---------+-------+---------+---------+-------+---------
       Abyss:1 |       0 |     127 |   0.0 |       0 |       1 |   0.0 |   254
               +---------+---------+-------+---------+---------+-------+---------
